[Event "*** SCC Grand Prix: Titled Tuesday Blitz"]
[Site "Chess.com"]
[Date "2020.06.09"]
[Round "10"]
[White "Efremov_Vlad"]
[Black "GMJustin"]
[Result "1-0"]
[WhiteElo "2179"]
[BlackElo "2271"]
[TimeControl "180+1"]
[EndTime "10:56:55 PDT"]
[Termination "Efremov_Vlad won on time"]

1. c4 b5 2. cxb5 a6 3. bxa6 Bxa6 4. Nf3 c5 5. g3 Nc6 6. Bg2 d5 7. b3 e5 8. Bb2 Bd6 9. d3 Nge7 10. Nbd2 O-O 11.
O-O f5 12. Rc1 e4 13. dxe4 fxe4 14. Ng5 Bc8 15. Ndxe4 dxe4 16. Bxe4 h6 17. Bd5+ Kh8 18. Nf7+ Rxf7 19. Bxf7 Bh3 20. Re1 Ne5 21. Bxe5 Bxe5 22. Qxd8+ Rxd8 23. Rxc5 Bd4 24. Rc4 Nf5 25. e3 Bf6 26.
Bg6 Ne7 27. Be4 h5 28. a4 h4 29. a5 g5 30. a6 Be6 31. Rc7 1-0

[Event "*** SCC Grand Prix: Titled Tuesday Blitz"]
[Site "Chess.com"]
[Date "2020.06.09"]
[Round "10"]
[White "BocharovD"]
[Black "Tesla37"]
[Result "0-1"]
[WhiteElo "2762"]
[BlackElo "2919"]
[TimeControl "180+1"]
[EndTime "10:56:57 PDT"]
[Termination "Tesla37 won by resignation"]

1. Nf3 Nf6 2. g3 d5 3. Bg2 c6 4. O-O Bg4 5. c4 e6 6. cxd5 Bxf3 7. Bxf3 cxd5 8. d3 Nc6 9. Nc3 Be7 10. Bd2 O-O 11.
a3 a6 12. Bg2 Rc8 13. Rc1 b5 14. Na2 Qb6 15. e3 Rc7 16. d4 Rfc8 17. Qe2 Ne8 18. Qd3 Nd6 19. b3 f5 20. f3 Ne8 21. b4 Nd6 22. Bh3 Nc4 23. g4 g6 24.
gxf5 exf5 25. Kh1 Bf6 26. Bc3 Re8 27. Rce1 Rce7 28. Bd2 Bh4 29. Nc3 Bxe1 30. Nxd5 Bxd2 31. Nxb6 Rxe3 32. Qc2 Nxd4 33. Qa2 Rxa3 34. Qb1 Nxb6 35.
Qb2 Rd3 36. Rd1 Nc4 0-1

[Event "*** SCC Grand Prix: Titled Tuesday Blitz"]
[Site "Chess.com"]
[Date "2020.06.09"]
[Round "10"]
[White "Biranidun"]
[Black "albi1999"]
[Result "1-0"]
[WhiteElo "2732"]
[BlackElo "2579"]
[TimeControl "180+1"]
[EndTime "10:56:57 PDT"]
[Termination "Biranidun won by resignation"]

1. e4 e5 2. Nf3 Nc6 3. Bb5 a6 4. Ba4 Nf6 5. O-O Be7 6. Re1 b5 7. Bb3 O-O 8. c3 d6 9. h3 Nb8 10. d4 Nbd7 11. Nbd2 Bb7 12. Bc2 Re8 13. Nf1 Bf8 14.
Ng3 g6 15. b3 Bg7 16. d5 c6 17. c4 Qc7 18. Be3 bxc4 19. bxc4 a5 20. Rb1 Bf8 21. Ba4 Rec8 22. Qb3 Rcb8 23. Qa3 c5 24. Rb3 Ba6 25. Nd2 Nb6 26. Bc6 Nxc4 27. Nxc4 Bxc4 28. Rc3 Ba6 29. Bxa8 Rxa8 30. Rb1 c4 31. f3 Nd7 32.
Nf1 f5 33. Nd2 Be7 34. Qa4 Nc5 35. Qc2 fxe4 36. fxe4 Rc8 37. Rc1 Qb7 38. Nxc4 Qb4 39. Nd2 Rb8 40. Rb1 1-0

[Event "*** SCC Grand Prix: Titled Tuesday Blitz"]
[Site "Chess.com"]
[Date "2020.06.09"]
[Round "10"]
[White "DonPreuss"]
[Black "MYMChessAcademy"]
[Result "1-0"]
[WhiteElo "2232"]
[BlackElo "2344"]
[TimeControl "180+1"]
[EndTime "10:56:57 PDT"]
[Termination "DonPreuss won on time"]

1. d4 Nf6 2. Nc3 d5 3. e4 dxe4 4. f3 exf3 5. Nxf3 e6 6. Bd3 Be7 7. O-O c5 8. dxc5 Bxc5+ 9. Kh1 h6 10. Qe1 O-O 11. Qh4 e5 12. Bxh6 e4 13. Nxe4 Nxe4 14. Qxe4 f5 15. Qc4+ Kh8 16. Bxg7+ Kxg7 17. Qxc5 Nc6 18.
Ne5 Qd4 19. Qxd4 Nxd4 20. Rf4 Nc6 21. Nxc6 bxc6 22. Raf1 Rb8 23. b3 Be6 24. Bxf5 Bd5 25. Bd3 Rxf4 26. Rxf4 Re8 27. h3 Re1+ 28. Kh2 Rd1 29. a4 Rd2 30. Rg4+ Kf7 31. h4 a5 32. h5 Be6 33. Rg3 Rf2 34. h6 Ke7 35. h7 Rf8 36.
Rg5 Rh8 37. Rxa5 Bg8 38. g4 1-0

[Event "*** SCC Grand Prix: Titled Tuesday Blitz"]
[Site "Chess.com"]
[Date "2020.06.09"]
[Round "10"]
[White "IriBu"]
[Black "killer311"]
[Result "0-1"]
[WhiteElo "2517"]
[BlackElo "2407"]
[TimeControl "180+1"]
[EndTime "10:57:00 PDT"]
[Termination "killer311 won by resignation"]

1. e4 c6 2. d4 d5 3. e5 Bf5 4.
Nf3 e6 5. Be2 c5 6. c3 Nc6 7.
O-O cxd4 8. cxd4 Nge7 9. Nbd2 Bg4 10. h3 Bh5 11. a3 Bxf3 12. Nxf3 Nf5 13. Be3 Be7 14.
Qd2 O-O 15. Bd3 Nxe3 16. Qxe3 h6 17. b4 a6 18. Nd2 Rc8 19. f4 Qb6 20. Nb3 a5 21. Nc5 Nxd4 22. Qxd4 Rxc5 23. Rac1 axb4 24. axb4 Rc6 25. Qxb6 Rxb6 26. b5 f6 27. Rc7 Bd8 28. Rd7 fxe5 29. fxe5 Rxf1+ 30. Kxf1 Bg5 31. g3 Kf8 32.
Ke2 Be7 33. Ke3 Bc5+ 34. Kf4 Bd4 35. h4 g5+ 36. hxg5 hxg5+ 37. Kxg5 Bxe5 38. Kg6 Bxg3 39. Kf6 Bh4+ 40. Ke5 Bg3+ 41. Kd4 Bf2+ 42. Ke5 Bg3+ 43. Kd4 Rd6 44. Rxb7 e5+ 45. Kc5 e4 46. Bc2 e3 47. Bd3 d4 48. b6 Rf6 49. Rd7 Rf2 50. b7 Rd2 51. Rxd4 e2 52. Rd8+ Kf7 53. b8=Q Bxb8 54. Rxb8 Rxd3 55. Rb1 Rd1 56. Rb7+ Kf6 0-1

[Event "*** SCC Grand Prix: Titled Tuesday Blitz"]
[Site "Chess.com"]
[Date "2020.06.09"]
[Round "10"]
[White "RestartingChess"]
[Black "AlexSuv"]
[Result "0-1"]
[WhiteElo "2478"]
[BlackElo "2667"]
[TimeControl "180+1"]
[EndTime "10:57:01 PDT"]
[Termination "AlexSuv won by resignation"]

1. e4 c5 2. Nf3 e6 3. a3 Nc6 4. Bb5 Nge7 5. O-O a6 6. Bxc6 Nxc6 7. c3 d5 8. exd5 exd5 9. d4 Be7 10. dxc5 Bxc5 11. Bg5 f6 12. Bf4 O-O 13. Nbd2 Bg4 14. Qb3 b5 15. Rad1 Qd7 16. Ne4 Be7 17. Rxd5 Qe6 18.
Re1 Rad8 19. Nxf6+ Bxf6 20. Rxe6 Bxe6 21. Rxd8 Bxb3 22.
Rd6 Rc8 23. Nd2 Bf7 24. Ne4 Be7 25. Rd7 Be8 26. Rb7 Bf8 27. Nd6 Bxd6 28. Bxd6 Na5 29. Rb6 Rc6 30. Rxc6 Bxc6 31. Bf4 Kf7 32. f3 Kf6 33. Kf2 Ke6 34. Ke2 Kd5 35. Kd3 Bd7 36.
g4 Be8 37. h4 Bg6+ 38. Ke2 Nc4 39. Bc1 h5 40. b3 Ne5 41. g5 Bc2 42. b4 Ng6 43.
Kd2 Bf5 44. Ke3 Nxh4 45. Kf4 Bg6 46. Be3 Nf5 47. Bc5 Nd6 48. Bd4 Nf5 49. Bc5 h4 50. Kg4 Kc4 51. Bf8 Kb3 52. Bc5 Kxc3 53. Bf8 Kb3 54. Bc5 Kxa3 55. f4 Ka4 56. Bf8 a5 57. bxa5 Kxa5 58. Ba3 b4 59. Bb2 b3 0-1

[Event "*** SCC Grand Prix: Titled Tuesday Blitz"]
[Site "Chess.com"]
[Date "2020.06.09"]
[Round "10"]
[White "BIG_Pirate"]
[Black "kingmonkey2006"]
[Result "0-1"]
[WhiteElo "2416"]
[BlackElo "2576"]
[TimeControl "180+1"]
[EndTime "10:57:01 PDT"]
[Termination "kingmonkey2006 won on time"]

1. Nf3 Nf6 2. c4 e6 3. g3 d5 4. Bg2 Be7 5. O-O O-O 6. d4 c6 7.
Nbd2 b6 8. Qc2 Bb7 9. e4 Na6 10. Rd1 Rc8 11. b3 c5 12. exd5 exd5 13. Bb2 Qc7 14.
Qf5 Rfd8 15. dxc5 Nxc5 16. Ng5 g6 17. Qh3 h5 18. cxd5 Bxd5 19. Bxd5 Rxd5 20. Ndf3 Nd3 21.
Bd4 Nb4 22. Rac1 Qxc1 23. Rxc1 Rxc1+ 24. Kg2 Ng4 25. Ne4 Nd3 26. Be3 Rc2 27. Nfd2 f5 0-1

[Event "*** SCC Grand Prix: Titled Tuesday Blitz"]
[Site "Chess.com"]
[Date "2020.06.09"]
[Round "10"]
[White "Harsha_Bharathakoti"]
[Black "MoonlighT89"]
[Result "1-0"]
[WhiteElo "2757"]
[BlackElo "2587"]
[TimeControl "180+1"]
[EndTime "10:57:03 PDT"]
[Termination "Harsha_Bharathakoti won by resignation"]

1. Nf3 Nf6 2. d4 e6 3. c4 d5 4.
Nc3 Bb4 5. cxd5 exd5 6. Bf4 O-O 7. Rc1 c6 8. e3 Bd6 9. Bg5 h6 10. Bh4 Bf5 11. Bd3 Bxd3 12. Qxd3 Nbd7 13. O-O Re8 14. Rb1 Nf8 15. b4 a6 16. Qf5 Re6 17. a4 Ng6 18.
Bg3 Bxg3 19. hxg3 Ne4 20. Nxe4 Rxe4 21. b5 axb5 22. axb5 Ne7 23. Qh5 f6 24. bxc6 bxc6 25. Rb7 Qe8 26. Qh3 Qc8 27. Qxc8+ Rxc8 28. Ra1 h5 29.
Raa7 Kf8 30. Nd2 Re6 31. Nb3 Nf5 32. Rf7+ Kg8 33. Nc5 Ree8 34. Nd3 Ra8 35. Nf4 Rxa7 36. Rxa7 h4 37. gxh4 Nxh4 38. Rc7 g5 39. Nh5 Re6 40. g4 Ng6 41. Rg7+ 1-0

[Event "*** SCC Grand Prix: Titled Tuesday Blitz"]
[Site "Chess.com"]
[Date "2020.06.09"]
[Round "10"]
[White "ketster"]
[Black "MF1966Idrisov"]
[Result "1/2-1/2"]
[WhiteElo "2450"]
[BlackElo "2275"]
[TimeControl "180+1"]
[EndTime "10:57:03 PDT"]
[Termination "Game drawn by repetition"]

1. d4 d6 2. e4 g6 3. c4 Bg7 4. Nc3 Nc6 5. Be3 e5 6. d5 Nce7 7. g4 c6 8. Be2 Nf6 9. h4 h5 10. g5 Nfg8 11. Nf3 c5 12. Qd2 Bd7 13. a3 Nc8 14. b4 b6 15. O-O Nge7 16. Ne1 O-O 17.
Nd3 Kh7 18. Rab1 f6 19. bxc5 bxc5 20. f4 Nb6 21. Nb2 f5 22. Bd3 exf4 23. Bxf4 Bd4+ 24. Kh1 fxe4 25. Nxe4 Nf5 26. Nxd6 Nxd6 27. Bxd6 Rxf1+ 28. Rxf1 Bh3 29. Rf7+ Kg8 30. Rf8+ Qxf8 31. Bxf8 Rxf8 32.
Nd1 Bg4 33. Ne3 Bf3+ 34. Ng2 Kg7 35. Be2 Be4 36. Bd3 Bf3 37. Be2 Be4 38. Bd3 Bf3 1/2-1/2

[Event "*** SCC Grand Prix: Titled Tuesday Blitz"]
[Site "Chess.com"]
[Date "2020.06.09"]
[Round "10"]
[White "chessmaugli"]
[Black "i_am_sankalp"]
[Result "1-0"]
[WhiteElo "2402"]
[BlackElo "2210"]
[TimeControl "180+1"]
[EndTime "10:57:03 PDT"]
[Termination "chessmaugli won by resignation"]

1. e4 e5 2. Nf3 Nc6 3. Bb5 a6 4. Ba4 Nge7 5. c3 b5 6. Bb3 Na5 7. Bc2 Ng6 8. d4 exd4 9. cxd4 d6 10. O-O Be7 11. Nc3 O-O 12. Nd5 Re8 13. Nxe7+ Qxe7 14. Re1 Bg4 15. h3 Bd7 16. b3 c5 17. d5 Rac8 18. Qd2 Qd8 19. Bb2 c4 20. Bc3 Nb7 21.
b4 Ne5 22. Nh2 Qh4 23. f4 Nd3 24. Bxd3 cxd3 25. Nf3 Qg3 26. Rac1 Bxh3 27. Qf2 Qxf2+ 28. Kxf2 Bg4 29. Ke3 Bxf3 30. gxf3 Rc4 31. Kxd3 Rec8 32. f5 f6 33. a3 Kf7 34. Rc2 h6 35. f4 Nd8 36. Rcc1 Nb7 37. Bd2 Rxc1 38. Bxc1 Rxc1 39.
Rxc1 1-0

[Event "*** SCC Grand Prix: Titled Tuesday Blitz"]
[Site "Chess.com"]
[Date "2020.06.09"]
[Round "10"]
[White "Fortitudine"]
[Black "Glek_Igor"]
[Result "0-1"]
[WhiteElo "2252"]
[BlackElo "2423"]
[TimeControl "180+1"]
[EndTime "10:57:03 PDT"]
[Termination "Glek_Igor won by resignation"]

1. c4 e5 2. g3 Nf6 3. Bg2 h6 4.
Nc3 Bb4 5. Nd5 Nxd5 6. cxd5 O-O 7.
Nf3 Re8 8. O-O c6 9. a3 Bf8 10. Qb3 cxd5 11. Qxd5 Nc6 12. d3 d6 13. Qb3 a5 14.
Be3 a4 15. Qc2 Be6 16. Rac1 d5 17. Bc5 e4 18. Nd4 Nxd4 19. Bxd4 exd3 20. exd3 Qd7 21. Qd2 Bh3 22. Bc5 Bxg2 23. Kxg2 Bxc5 24. Rxc5 b6 25. Rc2 d4 26. Qb4 Re6 27. Qc4 Rae8 28. Kg1 Re1 29.
Qc6 Rxf1+ 30. Kxf1 Qh3+ 31. Qg2 Re1+ 32. Kxe1 Qxg2 0-1

[Event "*** SCC Grand Prix: Titled Tuesday Blitz"]
[Site "Chess.com"]
[Date "2020.06.09"]
[Round "10"]
[White "ShahMatKanal"]
[Black "joksijoksi"]
[Result "1-0"]
[WhiteElo "2473"]
[BlackElo "2351"]
[TimeControl "180+1"]
[EndTime "10:57:04 PDT"]
[Termination "ShahMatKanal won on time"]

1. e4 e6 2. Qe2 c5 3. g3 Nf6 4. Bg2 Be7 5. d3 O-O 6. Nd2 Nc6 7. Ngf3 d5 8. O-O Kh8 9. h3 b5 10. a4 b4 11. b3 a5 12. Bb2 d4 13. Nc4 Nd7 14.
Nh2 e5 15. f4 f6 16. Ng4 Nb6 17. Nd2 Qd6 18. Rf2 Be6 19. Raf1 exf4 20. gxf4 f5 21.
exf5 Bxf5 22. Bxc6 Qxc6 23. Qxe7 Nd5 24. Qh4 Ne3 25.
Nxe3 dxe3 26. Rg2 Ra7 27. Nc4 Re7 28. Ne5 Qe6 29. Qg3 h6 30. Qxe3 1-0

[Event "*** SCC Grand Prix: Titled Tuesday Blitz"]
[Site "Chess.com"]
[Date "2020.06.09"]
[Round "10"]
[White "PavelShkapenko"]
[Black "kran900"]
[Result "1-0"]
[WhiteElo "2664"]
[BlackElo "2449"]
[TimeControl "180+1"]
[EndTime "10:57:06 PDT"]
[Termination "PavelShkapenko won by checkmate"]

1. e4 d5 2. exd5 Qxd5 3. Nc3 Qd6 4. d4 a6 5. Nf3 Nf6 6. Be3 Nc6 7. Ng5 Bf5 8. Bc4 e6 9. h3 h6 10. Nf3 O-O-O 11.
Qe2 Nd5 12. O-O Nxc3 13. bxc3 e5 14. Rab1 e4 15. Nd2 g5 16. Nb3 b5 17. Bxb5 axb5 18. Qxb5 Qd5 19. Qa6+ Kd7 20. c4 Nb8 21. Qf6 Qe6 22.
Qxh8 Qxc4 23. Qe5 Be6 24. d5 Bxd5 25. Rfd1 c6 26. Qf5+ Ke8 27. Na5 Qa6 28. Nb7 Rd7 29. Nc5 Rd8 30. Nxe4 Be7 31. Nf6+ Bxf6 32. Qxf6 Be6 33.
Rxd8# 1-0

[Event "*** SCC Grand Prix: Titled Tuesday Blitz"]
[Site "Chess.com"]
[Date "2020.06.09"]
[Round "10"]
[White "DrBergerBerger"]
[Black "Fins0905"]
[Result "0-1"]
[WhiteElo "2442"]
[BlackElo "2630"]
[TimeControl "180+1"]
[EndTime "10:57:06 PDT"]
[Termination "Fins0905 won by resignation"]

1. e4 d5 2. exd5 Qxd5 3. Nc3 Qa5 4. d4 Nf6 5. Nf3 Bf5 6. Ne5 c6 7. Bc4 e6 8. g4 Bg6 9. h4 Nbd7 10. Nxd7 Nxd7 11. h5 Be4 12. O-O Bd5 13. Nxd5 cxd5 14. Bd3 Bd6 15. Qf3 O-O 16. Kg2 Qc7 17. Bd2 Nb6 18. b3 e5 19. dxe5 Bxe5 20. Rae1 g6 21. Bh6 Rfe8 22. Re2 Bc3 23. Bf4 Qc6 24. a4 a6 25. a5 Nd7 26. Bh6 Ne5 27. Qg3 Nxd3 28. Qxd3 Re4 29. f3 Rxe2+ 30. Qxe2 Re8 31. Qd3 Bxa5 32.
Rf2 Qe6 33. hxg6 hxg6 34. Qd4 f6 35. Qd3 Kf7 36. Qd4 Bb6 0-1

[Event "*** SCC Grand Prix: Titled Tuesday Blitz"]
[Site "Chess.com"]
[Date "2020.06.09"]
[Round "10"]
[White "Playgood28"]
[Black "anastasiyakarlovych"]
[Result "1-0"]
[WhiteElo "2258"]
[BlackElo "1990"]
[TimeControl "180+1"]
[EndTime "10:57:07 PDT"]
[Termination "Playgood28 won on time"]

1. d4 d5 2. c4 Bf5 3. Nc3 e6 4.
cxd5 exd5 5. Qb3 Nc6 6. Nf3 Nf6 7. a3 Na5 8. Qd1 Be7 9. e3 O-O 10. Be2 Nc6 11. O-O Ne4 12. Nxe4 dxe4 13. Nd2 Bd6 14. Nc4 Be7 15. b4 a5 16. b5 Nb8 17. a4 Nd7 18. Ba3 Bxa3 19. Rxa3 Qg5 20. Re1 Nf6 21. Ne5 Rad8 22.
Rc3 Nd7 23. Nxd7 Rxd7 24. Qc1 Rc8 25. Rc5 Qg6 26. Qc3 b6 27. Rc6 Qg5 28. Rxb6 Rxd4 29. Qxd4 cxb6 30. Qxb6 Bh3 31. Bf1 h5 32. Kh1 Be6 33.
Qxa5 Rc2 34. Qa8+ 1-0

[Event "*** SCC Grand Prix: Titled Tuesday Blitz"]
[Site "Chess.com"]
[Date "2020.06.09"]
[Round "10"]
[White "Berardino"]
[Black "ftorodent"]
[Result "0-1"]
[WhiteElo "2528"]
[BlackElo "2667"]
[TimeControl "180+1"]
[EndTime "10:57:08 PDT"]
[Termination "ftorodent won on time"]

1. e4 c5 2. Nf3 e6 3. d4 cxd4 4.
Nxd4 a6 5. Nc3 b5 6. Bd3 Qb6 7. Nf3 Nc6 8. O-O Qb8 9. Re1 Be7 10. Bd2 d6 11. a4 b4 12. Na2 Nf6 13. c3 bxc3 14. Bxc3 O-O 15. b4 Bb7 16. Qb3 Rd8 17. Rad1 d5 18. exd5 Nxd5 19. Bd2 Ncxb4 20. Nxb4 Nxb4 21.
Bxb4 Bxf3 22. Rb1 Bd5 23. Qc3 Bxb4 24. Rxb4 Qd6 25. Rg4 g6 26. Bb1 Rdc8 27. Qf6 Qd8 28. Qe5 Qc7 29. Qe2 Rab8 30. h4 Qc3 0-1

[Event "*** SCC Grand Prix: Titled Tuesday Blitz"]
[Site "Chess.com"]
[Date "2020.06.09"]
[Round "10"]
[White "m-garcett"]
[Black "PattyCastillo"]
[Result "1-0"]
[WhiteElo "2076"]
[BlackElo "1903"]
[TimeControl "180+1"]
[EndTime "10:57:08 PDT"]
[Termination "m-garcett won on time"]

1. e4 c5 2. Nf3 d6 3. d4 cxd4 4. Nxd4 Nf6 5. Nc3 a6 6. Bg5 e6 7. f4 h6 8. Bh4 Qb6 9. a3 Be7 10. Bf2 Qc7 11. Qf3 Nbd7 12. O-O-O b5 13. g4 Bb7 14. h4 Nc5 15. Bd3 h5 16. gxh5 Rxh5 17. Rhg1 g6 18. Qe2 O-O-O 19. f5 e5 20. Nb3 Nxb3+ 21. cxb3 d5 22. exd5 Nxd5 23. Kb1 Nxc3+ 24. bxc3 Kb8 25. fxg6 fxg6 26. Bxg6 Rhh8 27. Qe3 Bc6 28. Bg3 Bd6 29. Rge1 Rhe8 30. Bxe8 Rxe8 31. Rxd6 Qxd6 32. Bxe5 Rxe5 33. Qxe5 Qxe5 34. Rxe5 Kb7 35. h5 Bf3 36. h6 Bd1 37. h7 1-0

[Event "*** SCC Grand Prix: Titled Tuesday Blitz"]
[Site "Chess.com"]
[Date "2020.06.09"]
[Round "10"]
[White "EvgenyRomanov"]
[Black "Semetey"]
[Result "1-0"]
[WhiteElo "2672"]
[BlackElo "2542"]
[TimeControl "180+1"]
[EndTime "10:57:09 PDT"]
[Termination "EvgenyRomanov won on time"]

1. e4 g6 2. d4 Bg7 3. Nf3 d6 4. Bc4 Nf6 5. Qe2 O-O 6. Bb3 Bg4 7. O-O Nc6 8. c3 e5 9. dxe5 Nxe5 10. Nbd2 Re8 11.
Re1 Nxf3+ 12. gxf3 Bh3 13. Nf1 d5 14. Ng3 dxe4 15.
fxe4 Ng4 16. f3 Ne5 17. f4 Bg4 18. Qf2 Nf3+ 19. Kg2 Nxe1+ 20. Qxe1 Qd7 21. Be3 h5 22. e5 h4 23. Nh1 Qc6+ 24. Kg1 Bh3 25. Qf2 Rad8 26.
Bd4 Qe4 27. Re1 Qf5 28. Qxh4 Rxd4 29. cxd4 Qg4+ 30. Qg3 Kf8 31. Nf2 Qxg3+ 32. hxg3 Bd7 33. g4 c6 34. Kg2 Bc8 35. Kf3 f6 36. Ne4 fxe5 37.
dxe5 Rd8 38. Nd6 b6 39. Rh1 c5 40. Rh7 Bd7 41. f5 Bc6+ 42. Kf4 1-0

[Event "*** SCC Grand Prix: Titled Tuesday Blitz"]
[Site "Chess.com"]
[Date "2020.06.09"]
[Round "10"]
[White "dretch"]
[Black "Colchonero64"]
[Result "0-1"]
[WhiteElo "2826"]
[BlackElo "2992"]
[TimeControl "180+1"]
[EndTime "10:57:11 PDT"]
[Termination "Colchonero64 won on time"]

1. d4 Nf6 2. c4 g6 3. Nc3 Bg7 4.
e4 d6 5. Nf3 O-O 6. h3 e5 7. d5 Nh5 8. g3 a5 9. Nd2 Na6 10. Be2 Nf6 11. Nb3 a4 12. Nd2 Nc5 13. Rb1 c6 14. b4 axb3 15. axb3 Bd7 16. b4 Na6 17. dxc6 bxc6 18. Kf1 Nc7 19. Nb3 Be6 20. Be3 d5 21. Bb6 d4 22. Nc5 dxc3 23. Qxd8 Rfxd8 24. Bxc7 Rd2 25. Ba5 Bf8 26. Nxe6 fxe6 27. f3 c5 28. Kf2 Nh5 29. Ke3 cxb4 30. Bxb4 Bxb4 31. Rxb4 Rxe2+ 32. Kxe2 Nxg3+ 33. Kd3 Nxh1 34. c5 Rc8 35. Rb5 Ng3 36. Kxc3 Ne2+ 37. Kb4 Kg7 38. Rb7+ Kh6 39. Re7 Nd4 40. Kc4 Rf8 0-1

[Event "*** SCC Grand Prix: Titled Tuesday Blitz"]
[Site "Chess.com"]
[Date "2020.06.09"]
[Round "10"]
[White "Meri-Arabidze"]
[Black "Unknown_IM"]
[Result "1-0"]
[WhiteElo "2644"]
[BlackElo "2466"]
[TimeControl "180+1"]
[EndTime "10:57:11 PDT"]
[Termination "Meri-Arabidze won by resignation"]

1. d4 d5 2. c4 e6 3. Nf3 c6 4. Nc3 dxc4 5. e4 b5 6. Be2 Bb7 7. O-O a6 8. e5 c5 9. a4 Qb6 10. axb5 axb5 11. Rxa8 Bxa8 12. d5 Ne7 13. d6 Nd5 14. Ne4 Nd7 15. Bg5 h6 16. Bh4 g5 17.
Bg3 Bg7 18. Qd2 g4 19. Nh4 Bxe5 20. Bxg4 Bxg3 21. fxg3 c3 22. bxc3 c4+ 23. Kh1 Ne3 24. Rf4 Nxg4 25. Rxg4 f5 26. Rg7 fxe4 27. Ng6 e3 28.
Qe2 Rf8 29. Re7+ Kd8 30. Nxf8 Nxf8 31. Qh5 Kc8 32. Qe8+ 1-0

[Event "*** SCC Grand Prix: Titled Tuesday Blitz"]
[Site "Chess.com"]
[Date "2020.06.09"]
[Round "10"]
[White "ehrenfeld"]
[Black "AndrewDGreen"]
[Result "1-0"]
[WhiteElo "2492"]
[BlackElo "2352"]
[TimeControl "180+1"]
[EndTime "10:57:12 PDT"]
[Termination "ehrenfeld won by checkmate"]

1. e4 c5 2. d3 g6 3. f4 Bg7 4. Nf3 Nc6 5. Be2 d6 6. O-O e5 7. c3 Nge7 8. Na3 O-O 9. Qe1 f5 10. Qh4 Rb8 11. fxe5 Nxe5 12. Nxe5 Bxe5 13. Nc4 Bf6 14. Qg3 b5 15. Nxd6 f4 16. Bxf4 Rb6 17.
Nxc8 Nxc8 18. Rad1 b4 19. e5 Bg7 20. d4 bxc3 21.
bxc3 Rb2 22. Bc4+ Kh8 23. Bg5 Rxf1+ 24. Rxf1 Qe8 25. Qf4 cxd4 26. cxd4 Qc6 27. d5 Qc5+ 28. Kh1 Rb4 29. Qf7 h6 30. Bf6 Bxf6 31. Qxf6+ Kh7 32.
Bd3 Rg4 33. Qf7+ Kh8 34. Qe8+ Kg7 35. Rf7# 1-0

[Event "*** SCC Grand Prix: Titled Tuesday Blitz"]
[Site "Chess.com"]
[Date "2020.06.09"]
[Round "10"]
[White "Rinas_Oleg"]
[Black "topin8"]
[Result "1-0"]
[WhiteElo "2249"]
[BlackElo "2339"]
[TimeControl "180+1"]
[EndTime "10:57:15 PDT"]
[Termination "Rinas_Oleg won on time"]

1. e4 e5 2. Nf3 Nc6 3. Bb5 Nf6 4.
d3 Bc5 5. O-O d6 6. c3 a6 7. Ba4 O-O 8. h3 h6 9. Nbd2 Ba7 10.
Bc2 Ne7 11. Nc4 Ng6 12. Be3 b5 13. Ncd2 c6 14. d4 Re8 15. a4 Bb7 16. axb5 cxb5 17. d5 Bxe3 18. fxe3 Qb6 19. Qe2 a5 20. Kh2 Rec8 21.
g4 Nh7 22. h4 a4 23. g5 hxg5 24. Nxg5 Nxg5 25. hxg5 a3 26. Rxa3 Rxa3 27. bxa3 Rxc3 28.
Bd3 Bc8 29. Rb1 Qa7 30. Rxb5 Qd7 31. Rb8 Qh3+ 32. Kg1 Ne7 33. a4 Qg3+ 34. Kh1 Rc1+ 35. Nf1 Qh3+ 36. Kg1 1-0

[Event "*** SCC Grand Prix: Titled Tuesday Blitz"]
[Site "Chess.com"]
[Date "2020.06.09"]
[Round "10"]
[White "Sueetin"]
[Black "gumimis"]
[Result "0-1"]
[WhiteElo "2337"]
[BlackElo "2163"]
[TimeControl "180+1"]
[EndTime "10:57:15 PDT"]
[Termination "gumimis won on time"]

1. d4 Nf6 2. c4 g6 3. Nc3 Bg7 4. Nf3 O-O 5. Bg5 d6 6. e3 h6 7. Bh4 g5 8. Bg3 Nh5 9. Nd2 Nxg3 10. hxg3 Bf5 11. g4 Bg6 12. Nde4 Nd7 13. Bd3 c5 14. Ng3 cxd4 15. exd4 e6 16. Bxg6 fxg6 17. Qd3 Qf6 18. f3 Qxd4 19. Qxg6 Rf6 20. Qe4 Rf7 21. Qxd4 Bxd4 22. Rxh6 Ne5 23. Rxe6 Nd3+ 24. Kf1 Nxb2 25. Nd5 Nxc4 26. Rd1 Be5 27. Ne4 Rg7 28. Rc1 b5 29. Ng3 Bxg3 30. Rf6 Be5 0-1

[Event "*** SCC Grand Prix: Titled Tuesday Blitz"]
[Site "Chess.com"]
[Date "2020.06.09"]
[Round "10"]
[White "politeplayer"]
[Black "Azoulas1"]
[Result "1-0"]
[WhiteElo "2268"]
[BlackElo "2000"]
[TimeControl "180+1"]
[EndTime "10:57:16 PDT"]
[Termination "politeplayer won by checkmate"]

1. d4 Nf6 2. Bg5 e6 3. e4 Be7 4. e5 Nd5 5. Bc1 c5 6. c4 Nc7 7.
d5 d6 8. exd6 Bxd6 9. Nc3 exd5 10.
cxd5 O-O 11. Nf3 Re8+ 12. Be2 Nd7 13. Bg5 Nf6 14. O-O h6 15. Bh4 Bf5 16. Re1 a6 17. a4 Rc8 18. Qd2 g5 19. Nxg5 Ng4 20. Bxg4 Bxg4 21.
Rxe8+ Nxe8 22. Nf3 f6 23. Qxh6 Bxf3 24. gxf3 Qc7 25. Kh1 Bxh2 26. f4 Bxf4 27. Rg1+ Ng7 28. Rxg7+ Qxg7 29. Qxf4 Re8 30. Ne4 Kf7 31. Nd6+ Ke7 32.
Bxf6+ Qxf6 33. Qxf6+ Kxf6 34. Nxe8+ Ke7 35. Nc7 Kd6 36.
Na8 Kxd5 37. Kg2 b5 38. axb5 axb5 39. Nc7+ Kc6 40. Nxb5 Kxb5 41. Kf3 Kb4 42. Ke4 Kb3 43. Kd5 c4 44. f4 Kxb2 45. Kxc4 Kc2 46. f5 Kd2 47. f6 Ke3 48. f7 Ke4 49. f8=Q Ke5 50. Qd8 Ke6 51. Qd5+ Ke7 52. Qc6 Kf8 53. Kd5 Kg7 54.
Qd6 Kh8 55. Qe7 Kg8 56. Ke6 Kh8 57. Kf6 Kg8 58. Qg7# 1-0

[Event "*** SCC Grand Prix: Titled Tuesday Blitz"]
[Site "Chess.com"]
[Date "2020.06.09"]
[Round "10"]
[White "trriinu"]
[Black "Xeniya2005"]
[Result "0-1"]
[WhiteElo "2062"]
[BlackElo "2309"]
[TimeControl "180+1"]
[EndTime "10:57:17 PDT"]
[Termination "Xeniya2005 won on time"]

1. e4 e6 2. d4 d5 3. Nd2 Nc6 4. Ngf3 dxe4 5. Nxe4 Be7 6. Be3 Nf6 7. Bd3 h6 8. h3 O-O 9. O-O b6 10. c3 Bb7 11. Qc2 Nd5 12. Bd2 a5 13. a3 Nf6 14.
Rfe1 Qd7 15. Bb5 Nxe4 16. Qxe4 Bf6 17. Qg4 Kh8 18. Bf4 Rac8 19. Qh5 Kg8 20. g4 Rfd8 21. g5 Qd5 22. c4 Qf5 23. Qg4 Qxg4+ 24. hxg4 hxg5 25. Bxg5 Bxg5 26. Bxc6 Bxc6 27. Nxg5 Rxd4 28. f3 Rcd8 0-1

[Event "*** SCC Grand Prix: Titled Tuesday Blitz"]
[Site "Chess.com"]
[Date "2020.06.09"]
[Round "10"]
[White "ARMQUEEN"]
[Black "Kostya26"]
[Result "1-0"]
[WhiteElo "2331"]
[BlackElo "2414"]
[TimeControl "180+1"]
[EndTime "10:57:18 PDT"]
[Termination "ARMQUEEN won by resignation"]

1. e4 c5 2. Nc3 Nc6 3. Bb5 g6 4. Bxc6 bxc6 5. d3 Bg7 6. Be3 d6 7. Nge2 e5 8. Qd2 h5 9. O-O Ne7 10. f4 exf4 11. Bxf4 O-O 12. Bg5 Bg4 13. Ng3 Rb8 14. b3 Qa5 15. Nd5 Qxd2 16. Nxe7+ Kh7 17. Bxd2 Bxa1 18. Rxa1 Bd7 19. Bf4 Rfe8 20. Bxd6 Rb7 21.
Rf1 Be6 22. Nxc6 Rb6 23. Ne5 Rxd6 24. Nxf7 Ra6 25. Ng5+ Kh6 26. Nxe6 Rexe6 27. a4 Rf6 28. Re1 h4 29. Nf1 Rae6 30. Ne3 Kg5 31. Nd5 Rf8 32.
g3 h3 33. Nf4 Ree8 34. Nxh3+ Kg4 35. Kg2 g5 36. Nf2+ Kh5 37. h3 Rf7 38. e5 Ref8 39. Ng4 Re7 40. c3 Rd8 41. Re3 Rb7 42. e6 Kg6 43.
Ne5+ Kf5 44. Nc6 Re8 45. b4 cxb4 46. cxb4 Rb6 47. b5 a6 48. g4+ Kf6 49. d4 axb5 50. axb5 Rxb5 51. d5 Rxd5 52. e7 Rd2+ 53. Kg3 Rd6 54.
Rf3+ Ke6 55. Rf8 Kd7 56. Ne5+ Ke6 57. Rxe8 Kxe5 58. Rd8 1-0